 Dungeon Crawl Stone Soup version 0.21.0-37-g46506fa (webtiles) character file.

23291 tidbits the Thaumaturge (level 13, -27/147 HPs)
             Began as a Gnoll Earth Elementalist on Feb 1, 2018.
             Was a High Priest of Cheibriados.
             Killed from afar by a thorn hunter (32 damage)
             ... with a volley of thorns
             ... on level 2 of the Swamp.
             The game lasted 01:08:36 (4083 turns).

tidbits the Thaumaturge (Gnoll Earth Elementalist)  Turns: 4083, Time: 01:08:37

Health: -27/147    AC: 26    Str: 22    XL:     13   Next: 5%
Magic:  19/26      EV:  2    Int: 34    God:    Cheibriados [*****.]
Gold:   756        SH:  0    Dex: 26    Spells: 10/30 levels left

rFire    . . .     SeeInvis .   a - +0 dagger
rCold    . . .     Gourm    .   (no shield)
rNeg     + + +     Faith    .   (armour currently unavailable)
rPois    +         Spirit   .   (helmet currently unavailable)
rElec    .         Reflect  .   (cloak currently unavailable)
rCorr    .         Harm     .   (gloves currently unavailable)
MR       .....     NoTele   +   (boots currently unavailable)
Stlth    +++++.....             (no amulet)
HPRegen  0.34/turn              V - +3 ring of evasion
MPRegen  0.20/turn              W - ring of wizardry

@: tree-form, very slow
A: distributed training, strong nose
a: Bend Time, Temporal Distortion, Slouch, Step From Time, Renounce Religion


You were on level 2 of the Swamp.
You worshipped Cheibriados.
Cheibriados was extremely pleased with you.
You were not hungry.
You were a tree.
You visited 4 branches of the dungeon, and saw 22 of its levels.
You also visited: Labyrinth.

You collected 756 gold pieces.

Inventory:

Hand Weapons
 a - a +0 dagger (weapon)
 b - a +1 short sword of draining
   (You took it off an orc on level 10 of the Dungeon)
 h - a +0 quarterstaff
 o - a +0 blowgun
 v - a +0 hunting sling
 F - a +0 flail
 H - a +0 scimitar
 O - the +4 scimitar "Rutaz" {holy, rElec Dex+6}
   (You found it on level 4 of the Lair of Beasts)

   It has been blessed by the Shining One to cause great damage to the undead
   and demons.
   It affects your dexterity (+6).
   It insulates you from electricity.
Missiles
 n - a throwing net {!f}
 w - 48 arrows
 x - 18 stones (quivered)
 z - 2 tomahawks
 A - 8 poisoned needles
Armour
 B - the +2 robe of Vines (melded) {NoPotionHeal Regen+7}
   (You found it in a labyrinth)

   It increases your rate of regeneration.
 C - a +0 cloak (melded)
 D - a +2 leather armour of poison resistance
   (You took it off an orc on level 10 of the Dungeon)
 E - a +1 helmet (melded)
Jewellery
 g - an uncursed ring of fire
   (You found it on level 1 of the Dungeon)
 l - an uncursed ring of flight
   (You found it on level 3 of the Dungeon)
 I - an uncursed ring of stealth
   (You found it in a labyrinth)
 U - a +2 ring of protection
   (You found it on level 8 of the Dungeon)
 V - a +3 ring of evasion (left branch)
   (You found it on level 12 of the Dungeon)
 W - a ring of wizardry (right branch)
   (You found it on level 3 of the Dungeon)
Wands
 d - a wand of digging (14)
 q - a wand of polymorph (7)
 u - a wand of iceblast (7)
 N - a wand of clouds (1)
Scrolls
 f - 2 scrolls of fear
 i - 4 scrolls of identify
 j - a scroll of immolation
 r - 5 scrolls of remove curse
 s - 4 scrolls of teleportation
 y - 2 scrolls of vulnerability
Potions
 k - 2 potions of brilliance
 m - a potion of resistance
 t - a potion of haste
 G - 2 potions of curing
 J - a potion of ambrosia
 R - a potion of agility
Books
 e - a book of Geomancy

   Spells                             Type                      Level
   a - Sandblast                      Earth                        1
   b - Passwall                       Transmutation/Earth          2
   c - Stone Arrow                    Conjuration/Earth            3
   d - Petrify                        Transmutation/Earth          4
   e - Lee's Rapid Deconstruction     Earth                        5
 K - a book of Air
   (You found it on level 1 of the Lair of Beasts)

   Spells                             Type                      Level
   a - Shock                          Conjuration/Air              1
   b - Swiftness                      Charms/Air                   2
   c - Static Discharge               Conjuration/Air              3
   d - Airstrike                      Air                          4
   e - Lightning Bolt                 Conjuration/Air              5
 L - the Papyrus of Dusty Beguiling
   (You found it in a labyrinth)

   Spells                             Type                      Level
   a - Passwall                       Transmutation/Earth          2
   b - Portal Projectile              Hexes/Translocation          3
   c - Petrify                        Transmutation/Earth          4
   d - Silence                        Hexes/Air                    5
   e - Iron Shot                      Conjuration/Earth            6
 M - a book of Power
   (You found it in a labyrinth)

   Spells                             Type                      Level
   a - Iskenderun's Battlesphere      Conjuration/Charms           5
   b - Venom Bolt                     Conjuration/Poison           5
   c - Bolt of Magma                  Conjuration/Fire/Earth       5
   d - Iron Shot                      Conjuration/Earth            6
   e - Orb of Destruction             Conjuration                  7
   f - Spellforged Servitor           Conjuration/Summoning        7
Miscellaneous
 p - a phial of floods
Comestibles
 c - 11 rations


   Skills:
 + Level 7.7 Fighting
 + Level 7.7 Short Blades
 + Level 7.7 Long Blades
 + Level 7.7 Axes
 + Level 7.7 Maces & Flails
 + Level 7.7 Polearms
 + Level 7.7 Staves
 + Level 7.7 Slings
 + Level 7.7 Bows
 + Level 7.7 Crossbows
 + Level 7.7 Throwing
 + Level 7.7 Armour
 + Level 9.1 Dodging
 + Level 8.9 Stealth
 + Level 7.7 Shields
 + Level 7.7 Unarmed Combat
 + Level 9.3 Spellcasting
 + Level 6.4 Conjurations
 + Level 6.4 Hexes
 + Level 6.4 Charms
 + Level 6.4 Summonings
 + Level 6.4 Necromancy
 + Level 6.4 Translocations
 + Level 6.8 Transmutations
 + Level 6.4 Fire Magic
 + Level 6.4 Ice Magic
 + Level 6.4 Air Magic
 + Level 8.5 Earth Magic
 + Level 6.4 Poison Magic
 + Level 8.5 Invocations
 + Level 7.7 Evocations


You had 10 spell levels left.
You knew the following spells:

 Your Spells              Type           Power        Failure   Level  Hunger
a - Sandblast             Erth           ######       1%          1    None
e - Petrify               Tmut/Erth      ######..     1%          4    None
j - Stone Arrow           Conj/Erth      ######       1%          3    None
m - Bolt of Magma         Conj/Fire/Erth ######....   1%          5    ###....
p - Passwall              Tmut/Erth      ######....   1%          2    None
D - Lee's Rapid Deconstr  Erth           ######....   1%          5    ###....


Dungeon Overview and Level Annotations

Branches:
Dungeon (13/15)            Temple (1/1) D:5            Lair (6/6) D:11
  Swamp (2/4) Lair:4        Snake (0/4) Lair:4
  Slime: Lair:5-6       Orc: D:9-12      Vaults: D:13-14

Altars:
Cheibriados
Dithmenos
Elyvilon
Fedhas
Kikubaaqudgha
Trog
Uskayaw
Vehumet
Wu Jian

Annotations:
D:10 Erolcha


Innate Abilities, Weirdness & Mutations

Your experience applies equally to all skills.
((You have very sharp teeth.))
Your uncanny sense of smell can sniff out nearby items.


Message History

x - 26 stones The thorn hunter is engulfed in a cloud of scalding steam.
The thorn hunter hits you. x2
Evoke which item? (* to show all) (? for menu, Esc to quit)
Okay, then.
Casting: Sandblast
Confirm with . or Enter, or press ? or * to list all spells.
Aiming: Sandblast
Press: ? - help, Shift-Dir - straight line, f/p - thorn hunter
Aim: a thorn hunter (heavily damaged)
The blast of sand hits the thorn hunter.
The thorn hunter is heavily damaged.
x - 25 stones You are engulfed in a cloud of scalding steam.
The thorn hunter hits you but does no damage.
The thorn hunter completely misses you.
Casting: Sandblast
Confirm with . or Enter, or press ? or * to list all spells.
Aiming: Sandblast
Press: ? - help, Shift-Dir - straight line, f/p - thorn hunter
Aim: a thorn hunter (heavily damaged)
The blast of sand hits the thorn hunter.
The thorn hunter is severely damaged.
x - 24 stones You are engulfed in a cloud of scalding steam.
The thorn hunter barely misses you. The thorn hunter hits you!
Casting: Sandblast
Confirm with . or Enter, or press ? or * to list all spells.
Aiming: Sandblast
Press: ? - help, Shift-Dir - straight line, f/p - thorn hunter
Aim: a thorn hunter (severely damaged)
The blast of sand hits the thorn hunter.
The thorn hunter is severely damaged.
x - 23 stones You are engulfed in a cloud of scalding steam.
The thorn hunter fires a volley of thorns at you.
The volley of thorns misses you.
Casting: Sandblast
Confirm with . or Enter, or press ? or * to list all spells.
Aiming: Sandblast
Press: ? - help, Shift-Dir - straight line, f/p - thorn hunter
Aim: a thorn hunter (severely damaged)
The blast of sand hits the thorn hunter.
The thorn hunter is severely damaged.
x - 22 stones The thorn hunter misses you.
The thorn hunter barely misses you.
The thorn hunter gestures.
Casting: Sandblast
Confirm with . or Enter, or press ? or * to list all spells.
Aiming: Sandblast
Press: ? - help, Shift-Dir - straight line, f/p - thorn hunter
Aim: a thorn hunter (severely damaged)
The blast of sand hits the thorn hunter.
The thorn hunter is severely damaged.
x - 21 stones The thorn hunter hits you!!
The thorn hunter hits you but does no damage.
Casting: Sandblast
Confirm with . or Enter, or press ? or * to list all spells.
Aiming: Sandblast
Press: ? - help, Shift-Dir - straight line, f/p - thorn hunter
Aim: a thorn hunter (severely damaged)
The blast of sand hits the thorn hunter.
The thorn hunter is severely damaged.
x - 20 stones The thorn hunter fires a volley of thorns at you.
The volley of thorns hits you!
* * * LOW HITPOINT WARNING * * *
Casting: Sandblast
Confirm with . or Enter, or press ? or * to list all spells.
Aiming: Sandblast
Press: ? - help, Shift-Dir - straight line, f/p - thorn hunter
Aim: a thorn hunter (severely damaged)
The blast of sand hits the thorn hunter.
The thorn hunter is severely damaged.
x - 19 stones The thorn hunter hits you!!
* * * LOW HITPOINT WARNING * * *
The thorn hunter misses you.
Casting: Sandblast
Confirm with . or Enter, or press ? or * to list all spells.
Aiming: Sandblast
Press: ? - help, Shift-Dir - straight line, f/p - thorn hunter
Aim: a thorn hunter (severely damaged)
The blast of sand hits the thorn hunter.
The thorn hunter is almost destroyed.
x - 18 stones The thorn hunter hits you!!
* * * LOW HITPOINT WARNING * * *
The thorn hunter closely misses you.
You turn into a tree.
Your +0 cloak melds into your body.
Your +1 helmet melds into your body.
The +2 robe of Vines {NoPotionHeal Regen+7} melds into your body.
The vines fall away from your body!
Your roots penetrate the ground.
The thorn hunter hits you but does no damage.
The thorn hunter hits you.
* * * LOW HITPOINT WARNING * * *
The thorn hunter fires a volley of thorns at you.
The volley of thorns hits you!
You die...

≈ ♣♣♣♣
≈.≈♣♣♣♣≈.♣♣
..........♣
...≈≈≈≈♣..♣
.≈≈≈≈≈≈f.♣♣
≈≈≈≈≈≈≈♣..♣
§≈≈≈≈≈.
....
♣.≈≈≈.≈
≈...≈
>.≈≈≈..
≈≈.§≈≈≈
≈≈≈≈.≈♣
.≈≈.≈≈≈
≈≈.≈≈♣
.≈≈.≈≈≈


You could see a thorn hunter.

Vanquished Creatures
  A fire dragon (Lair:6)
  A minotaur (Lab)
  7 hydras
  A swamp dragon (Swamp:1)
  A lindwurm (Lair:6)
  5 black mambas
  2 molten gargoyles (Lair:6)
  5 spiny frogs
  6 komodo dragons
  2 minotaur zombies (Lab)
  A troll (D:12)
  A tyrant leech (Swamp:1)
  3 blink frogs (Lair:6)
  Grinder (D:5)
  3 hippogriffs
  A shadow (Swamp:1)
  4 wyverns (Lair:6)
  10 yaks
  5 basilisks
  A steam dragon (Lair:6)
  5 hell hounds (Lair:6)
  2 swamp worms (Swamp:1)
  Duvessa (D:5)
  10 water moccasins
  9 porcupines
  2 orc warriors (D:10)
  A sky beast (D:6)
  2 ice beasts
  3 ogres
  A centaur (D:9)
  7 crocodiles
  5 bullfrogs
  Dowan (D:5)
  3 scorpions
  2 crimson imps
  5 lava snakes (Lair:6)
  A bullfrog zombie (D:6)
  5 orc priests
  Crazy Yiuf (D:3)
  4 orc wizards (D:10)
  2 centaur skeletons
  Ijyb (D:3)
  Natasha (D:2)
  3 worker ants (D:4)
  3 iguanas
  A hound skeleton (D:8)
  A worker ant zombie (D:5)
  3 gnolls (D:6)
  7 adders
  2 shadow imps
  An ooze (D:4)
  An adder skeleton (D:4)
  An adder zombie (D:6)
  A dart slug (D:2)
  4 leopard geckos
  21 orcs
  9 bats
  4 goblins
  A hobgoblin (D:1)
  A quokka (D:10)
  A ball python (D:3)
  4 frilled lizards
  A jackal skeleton (D:4)
  A jackal zombie (D:5)
  6 kobolds
  5 rats
  2 fungi
219 creatures vanquished.

Vanquished Creatures (others)
  A bush (Lair:6)
  13 fungi
  16 plants
30 creatures vanquished.

Grand Total: 249 creatures vanquished

Notes
Turn   | Place    | Note
-------+----------+-------------------------------------------
     0 | D:1      | tidbits the Gnoll Earth Elementalist began the quest for the Orb.
     0 | D:1      | Reached XP level 1. HP: 13/13 MP: 6/6
    32 | D:1      | Reached skill level 2 in Transmutations
    56 | D:1      | Reached XP level 2. HP: 17/19 MP: 1/7
    65 | D:1      | Learned a level 2 spell: Passwall
   156 | D:2      | Found a radiant altar of Vehumet.
   169 | D:2      | Reached XP level 3. HP: 24/25 MP: 1/9
   180 | D:2      | Learned a level 3 spell: Stone Arrow
   193 | D:2      | Noticed Natasha
   201 | D:2      | Killed Natasha
   201 | D:2      | Reached skill level 5 in Spellcasting
   201 | D:2      | Reached skill level 1 in Invocations
   308 | D:3      | Reached skill level 1 in Fighting
   308 | D:3      | Reached skill level 1 in Short Blades
   308 | D:3      | Reached skill level 1 in Long Blades
   308 | D:3      | Reached skill level 1 in Axes
   308 | D:3      | Reached skill level 1 in Maces & Flails
   308 | D:3      | Reached skill level 1 in Polearms
   308 | D:3      | Reached skill level 1 in Staves
   308 | D:3      | Reached skill level 1 in Slings
   308 | D:3      | Reached skill level 1 in Bows
   308 | D:3      | Reached skill level 1 in Crossbows
   308 | D:3      | Reached skill level 1 in Throwing
   308 | D:3      | Reached skill level 1 in Armour
   308 | D:3      | Reached skill level 1 in Shields
   308 | D:3      | Reached skill level 1 in Unarmed Combat
   308 | D:3      | Reached skill level 1 in Evocations
   345 | D:3      | Noticed Ijyb
   350 | D:3      | Found a runed door.
   354 | D:3      | Noticed Crazy Yiuf
   359 | D:3      | Killed Crazy Yiuf
   359 | D:3      | Reached XP level 4. HP: 7/32 MP: 8/11
   470 | D:3      | Learned a level 4 spell: Petrify
   542 | D:3      | Found a bloodstained altar of Trog.
   573 | D:3      | Killed Ijyb
   573 | D:3      | Reached skill level 1 in Conjurations
   573 | D:3      | Reached skill level 1 in Hexes
   573 | D:3      | Reached skill level 1 in Charms
   573 | D:3      | Reached skill level 1 in Summonings
   573 | D:3      | Reached skill level 1 in Necromancy
   573 | D:3      | Reached skill level 1 in Translocations
   573 | D:3      | Reached skill level 1 in Fire Magic
   573 | D:3      | Reached skill level 1 in Ice Magic
   573 | D:3      | Reached skill level 1 in Air Magic
   573 | D:3      | Reached skill level 1 in Poison Magic
   618 | D:4      | Reached XP level 5. HP: 37/37 MP: 9/12
   874 | D:4      | Reached XP level 6. HP: 44/44 MP: 8/13
   935 | D:5      | Entered Level 5 of the Dungeon
   941 | D:5      | Found a hide-covered altar of Uskayaw.
   947 | D:5      | Reached skill level 2 in Invocations
   963 | D:5      | Found a white marble altar of Elyvilon.
  1103 | D:5      | Reached skill level 5 in Dodging
  1124 | D:5      | Noticed Dowan
  1128 | D:5      | Noticed Duvessa
  1134 | D:5      | Killed Duvessa
  1134 | D:5      | Reached skill level 2 in Fighting
  1134 | D:5      | Reached skill level 2 in Short Blades
  1134 | D:5      | Reached skill level 2 in Long Blades
  1134 | D:5      | Reached skill level 2 in Axes
  1134 | D:5      | Reached skill level 2 in Maces & Flails
  1134 | D:5      | Reached skill level 2 in Polearms
  1134 | D:5      | Reached skill level 2 in Staves
  1134 | D:5      | Reached skill level 2 in Slings
  1134 | D:5      | Reached skill level 2 in Bows
  1134 | D:5      | Reached skill level 2 in Crossbows
  1134 | D:5      | Reached skill level 2 in Throwing
  1134 | D:5      | Reached skill level 2 in Armour
  1134 | D:5      | Reached skill level 2 in Shields
  1134 | D:5      | Reached skill level 2 in Unarmed Combat
  1134 | D:5      | Reached skill level 2 in Evocations
  1138 | D:5      | Killed Dowan
  1138 | D:5      | Reached XP level 7. HP: 49/50 MP: 7/15
  1149 | D:5      | Found a staircase to the Ecumenical Temple.
  1157 | Temple   | Entered the Ecumenical Temple
  1185 | Temple   | Became a worshipper of Cheibriados the Contemplative
  1218 | D:5      | Noticed Grinder
  1230 | D:5      | Learned a level 5 spell: Lee's Rapid Deconstruction
  1232 | D:5      | Killed Grinder
  1232 | D:5      | Reached skill level 2 in Conjurations
  1232 | D:5      | Reached skill level 2 in Hexes
  1232 | D:5      | Reached skill level 2 in Charms
  1232 | D:5      | Reached skill level 2 in Summonings
  1232 | D:5      | Reached skill level 2 in Necromancy
  1232 | D:5      | Reached skill level 2 in Translocations
  1232 | D:5      | Reached skill level 3 in Transmutations
  1232 | D:5      | Reached skill level 2 in Fire Magic
  1232 | D:5      | Reached skill level 2 in Ice Magic
  1232 | D:5      | Reached skill level 2 in Air Magic
  1232 | D:5      | Reached skill level 2 in Poison Magic
  1280 | D:6      | Reached skill level 5 in Stealth
  1280 | D:6      | Reached skill level 3 in Invocations
  1315 | D:6      | Reached XP level 8. HP: 57/57 MP: 9/16
  1419 | D:7      | Reached skill level 6 in Earth Magic
  1448 | D:8      | Reached skill level 3 in Fighting
  1448 | D:8      | Reached skill level 3 in Short Blades
  1448 | D:8      | Reached skill level 3 in Long Blades
  1448 | D:8      | Reached skill level 3 in Axes
  1448 | D:8      | Reached skill level 3 in Maces & Flails
  1448 | D:8      | Reached skill level 3 in Polearms
  1448 | D:8      | Reached skill level 3 in Staves
  1448 | D:8      | Reached skill level 3 in Slings
  1448 | D:8      | Reached skill level 3 in Bows
  1448 | D:8      | Reached skill level 3 in Crossbows
  1448 | D:8      | Reached skill level 3 in Throwing
  1448 | D:8      | Reached skill level 3 in Armour
  1448 | D:8      | Reached skill level 3 in Shields
  1448 | D:8      | Reached skill level 3 in Unarmed Combat
  1448 | D:8      | Reached skill level 3 in Evocations
  1511 | D:8      | Reached * piety under Cheibriados
  1569 | D:8      | Reached skill level 6 in Spellcasting
  1692 | D:10     | Entered Level 10 of the Dungeon
  1733 | D:10     | Reached skill level 3 in Conjurations
  1733 | D:10     | Reached skill level 3 in Hexes
  1733 | D:10     | Reached skill level 3 in Charms
  1733 | D:10     | Reached skill level 3 in Summonings
  1733 | D:10     | Reached skill level 3 in Necromancy
  1733 | D:10     | Reached skill level 3 in Translocations
  1733 | D:10     | Reached skill level 3 in Fire Magic
  1733 | D:10     | Reached skill level 3 in Ice Magic
  1733 | D:10     | Reached skill level 3 in Air Magic
  1733 | D:10     | Reached skill level 3 in Poison Magic
  1733 | D:10     | Reached skill level 4 in Invocations
  1735 | D:10     | Reached XP level 9. HP: 53/65 MP: 4/18
  1758 | D:10     | Reached skill level 6 in Dodging
  1862 | D:10     | Reached ** piety under Cheibriados
  1868 | D:10     | Reached skill level 4 in Fighting
  1868 | D:10     | Reached skill level 4 in Short Blades
  1868 | D:10     | Reached skill level 4 in Long Blades
  1868 | D:10     | Reached skill level 4 in Axes
  1868 | D:10     | Reached skill level 4 in Maces & Flails
  1868 | D:10     | Reached skill level 4 in Polearms
  1868 | D:10     | Reached skill level 4 in Staves
  1868 | D:10     | Reached skill level 4 in Slings
  1868 | D:10     | Reached skill level 4 in Bows
  1868 | D:10     | Reached skill level 4 in Crossbows
  1868 | D:10     | Reached skill level 4 in Throwing
  1868 | D:10     | Reached skill level 4 in Armour
  1868 | D:10     | Reached skill level 4 in Shields
  1868 | D:10     | Reached skill level 4 in Unarmed Combat
  1868 | D:10     | Reached skill level 4 in Transmutations
  1868 | D:10     | Reached skill level 4 in Evocations
  1921 | D:10     | Reached skill level 6 in Stealth
  1991 | D:10     | Noticed Erolcha
  2095 | D:13     | Found a labyrinth entrance.
  2108 | Lab      | Entered a labyrinth
  2286 | Lab      | Noticed a minotaur
  2291 | Lab      | Killed a minotaur
  2291 | Lab      | Reached skill level 7 in Spellcasting
  2291 | Lab      | Reached skill level 5 in Invocations
  2291 | Lab      | Reached XP level 10. HP: 73/73 MP: 20/20
  2293 | Lab      | Identified the Papyrus of Dusty Beguiling
  2294 | Lab      | Found the +2 robe of Vines {NoPotionHeal Regen+7}
  2306 | Lab      | Reached skill level 4 in Conjurations
  2306 | Lab      | Reached skill level 4 in Hexes
  2306 | Lab      | Reached skill level 4 in Charms
  2306 | Lab      | Reached skill level 4 in Summonings
  2306 | Lab      | Reached skill level 4 in Necromancy
  2306 | Lab      | Reached skill level 4 in Translocations
  2306 | Lab      | Reached skill level 4 in Fire Magic
  2306 | Lab      | Reached skill level 4 in Ice Magic
  2306 | Lab      | Reached skill level 4 in Air Magic
  2306 | Lab      | Reached skill level 4 in Poison Magic
  2329 | Lab      | Got a pitted morningstar
  2353 | Lab      | Identified the +2 morningstar of Valour {speed, +Blink rPois MR++ Int-3} (You found it in a labyrinth)
  2405 | D:13     | Reached skill level 5 in Fighting
  2405 | D:13     | Reached skill level 5 in Short Blades
  2405 | D:13     | Reached skill level 5 in Long Blades
  2405 | D:13     | Reached skill level 5 in Axes
  2405 | D:13     | Reached skill level 5 in Maces & Flails
  2405 | D:13     | Reached skill level 5 in Polearms
  2405 | D:13     | Reached skill level 5 in Staves
  2405 | D:13     | Reached skill level 5 in Slings
  2405 | D:13     | Reached skill level 5 in Bows
  2405 | D:13     | Reached skill level 5 in Crossbows
  2405 | D:13     | Reached skill level 5 in Throwing
  2405 | D:13     | Reached skill level 5 in Armour
  2405 | D:13     | Reached skill level 5 in Shields
  2405 | D:13     | Reached skill level 5 in Unarmed Combat
  2405 | D:13     | Reached skill level 5 in Evocations
  2437 | D:12     | Reached skill level 7 in Earth Magic
  2523 | D:12     | Reached skill level 7 in Dodging
  2540 | D:12     | Reached *** piety under Cheibriados
  2583 | D:12     | Reached skill level 5 in Transmutations
  2600 | D:11     | Found a staircase to the Lair.
  2615 | Lair:1   | Entered Level 1 of the Lair of Beasts
  2616 | Lair:1   | Reached skill level 6 in Invocations
  2624 | Lair:1   | Reached skill level 7 in Stealth
  2665 | Lair:1   | Noticed a spiny frog
  2691 | Lair:1   | Killed a spiny frog
  2721 | Lair:2   | Reached XP level 11. HP: 81/81 MP: 19/22
  2736 | Lair:2   | Noticed a five-headed hydra
  2858 | Lair:4   | Noticed a seven-headed hydra
  2865 | Lair:4   | Killed a seven-headed hydra
  2913 | Lair:6   | Entered Level 6 of the Lair of Beasts
  2918 | Lair:6   | Reached skill level 6 in Fighting
  2918 | Lair:6   | Reached skill level 6 in Short Blades
  2918 | Lair:6   | Reached skill level 6 in Long Blades
  2918 | Lair:6   | Reached skill level 6 in Axes
  2918 | Lair:6   | Reached skill level 6 in Maces & Flails
  2918 | Lair:6   | Reached skill level 6 in Polearms
  2918 | Lair:6   | Reached skill level 6 in Staves
  2918 | Lair:6   | Reached skill level 6 in Slings
  2918 | Lair:6   | Reached skill level 6 in Bows
  2918 | Lair:6   | Reached skill level 6 in Crossbows
  2918 | Lair:6   | Reached skill level 6 in Throwing
  2918 | Lair:6   | Reached skill level 6 in Armour
  2918 | Lair:6   | Reached skill level 6 in Shields
  2918 | Lair:6   | Reached skill level 6 in Unarmed Combat
  2918 | Lair:6   | Reached skill level 6 in Evocations
  2972 | Lair:6   | Reached skill level 5 in Conjurations
  2972 | Lair:6   | Reached skill level 5 in Hexes
  2972 | Lair:6   | Reached skill level 5 in Charms
  2972 | Lair:6   | Reached skill level 5 in Summonings
  2972 | Lair:6   | Reached skill level 5 in Necromancy
  2972 | Lair:6   | Reached skill level 5 in Translocations
  2972 | Lair:6   | Reached skill level 5 in Fire Magic
  2972 | Lair:6   | Reached skill level 5 in Ice Magic
  2972 | Lair:6   | Reached skill level 5 in Air Magic
  2972 | Lair:6   | Reached skill level 5 in Poison Magic
  3035 | Lair:6   | Reached skill level 8 in Spellcasting
  3155 | Lair:6   | Reached skill level 7 in Invocations
  3167 | Lair:6   | Reached skill level 8 in Dodging
  3213 | Lair:6   | Reached **** piety under Cheibriados
  3308 | Lair:6   | Reached skill level 6 in Transmutations
  3312 | Lair:6   | Found a large runed door.
  3330 | Lair:6   | Reached skill level 8 in Stealth
  3363 | Lair:6   | Reached XP level 12. HP: 89/89 MP: 9/24
  3393 | Lair:6   | Reached skill level 8 in Earth Magic
  3401 | Lair:6   | Noticed a fire dragon
  3409 | Lair:6   | Learned a level 5 spell: Bolt of Magma
  3411 | Lair:6   | Found a large runed door.
  3468 | Lair:6   | Killed a fire dragon
  3468 | Lair:6   | Reached skill level 7 in Fighting
  3468 | Lair:6   | Reached skill level 7 in Short Blades
  3468 | Lair:6   | Reached skill level 7 in Long Blades
  3468 | Lair:6   | Reached skill level 7 in Axes
  3468 | Lair:6   | Reached skill level 7 in Maces & Flails
  3468 | Lair:6   | Reached skill level 7 in Polearms
  3468 | Lair:6   | Reached skill level 7 in Staves
  3468 | Lair:6   | Reached skill level 7 in Slings
  3468 | Lair:6   | Reached skill level 7 in Bows
  3468 | Lair:6   | Reached skill level 7 in Crossbows
  3468 | Lair:6   | Reached skill level 7 in Throwing
  3468 | Lair:6   | Reached skill level 7 in Armour
  3468 | Lair:6   | Reached skill level 7 in Shields
  3468 | Lair:6   | Reached skill level 7 in Unarmed Combat
  3468 | Lair:6   | Reached skill level 7 in Evocations
  3729 | Lair:2   | Noticed a seven-headed hydra
  3733 | Lair:2   | Killed a seven-headed hydra
  3733 | Lair:2   | Reached skill level 6 in Conjurations
  3733 | Lair:2   | Reached skill level 6 in Hexes
  3733 | Lair:2   | Reached skill level 6 in Charms
  3733 | Lair:2   | Reached skill level 6 in Summonings
  3733 | Lair:2   | Reached skill level 6 in Necromancy
  3733 | Lair:2   | Reached skill level 6 in Translocations
  3733 | Lair:2   | Reached skill level 6 in Fire Magic
  3733 | Lair:2   | Reached skill level 6 in Ice Magic
  3733 | Lair:2   | Reached skill level 6 in Air Magic
  3733 | Lair:2   | Reached skill level 6 in Poison Magic
  3745 | Lair:2   | Killed a five-headed hydra
  3745 | Lair:2   | Reached skill level 8 in Invocations
  3866 | Lair:4   | Got an encrusted scimitar
  3867 | Lair:4   | Identified the +4 scimitar "Rutaz" {holy, rElec Dex+6} (You found it on level 4 of the Lair of Beasts)
  3889 | Lair:4   | Found a staircase to the Snake Pit.
  3896 | Lair:4   | Reached skill level 9 in Spellcasting
  3902 | Lair:4   | Reached ***** piety under Cheibriados
  3915 | Lair:4   | Found a staircase to the Swamp.
  3943 | Swamp:1  | Entered Level 1 of the Swamp
  3951 | Swamp:1  | Noticed a four-headed hydra
  3957 | Swamp:1  | Noticed a four-headed hydra
  3958 | Swamp:1  | Killed a four-headed hydra
  3962 | Swamp:1  | Killed a four-headed hydra
  3975 | Swamp:2  | Noticed an alligator
  3975 | Swamp:2  | Noticed an alligator
  3975 | Swamp:2  | Noticed an alligator
  4008 | Swamp:1  | Noticed an eight-headed hydra
  4012 | Swamp:1  | Killed an eight-headed hydra
  4012 | Swamp:1  | Reached skill level 9 in Dodging
  4032 | Swamp:1  | Noticed a six-headed hydra
  4039 | Swamp:1  | Killed a six-headed hydra
  4039 | Swamp:1  | Reached XP level 13. HP: 98/98 MP: 20/26
  4065 | Swamp:2  | Noticed a thorn hunter
  4082 | Swamp:2  | HP: 6/98 [thorn hunter (26)]
  4083 | Swamp:2  | Killed from afar by a thorn hunter

Skill      XL: |  1  2  3  4  5  6  7  8  9 10 11 12 |
---------------+-------------------------------------+-----
Transmutations | 2 3 4 5 6 |  6.8
Spellcasting   | 5 6 7 8 9 |  9.3
Invocations    | 1 2 3 4 5 6 7 8 |  8.5
Fighting       | 1 2 3 4 5 6 7 |  7.7
Short Blades   | 1 2 3 4 5 6 7 |  7.7
Long Blades    | 1 2 3 4 5 6 7 |  7.7
Axes           | 1 2 3 4 5 6 7 |  7.7
Maces & Flails | 1 2 3 4 5 6 7 |  7.7
Polearms       | 1 2 3 4 5 6 7 |  7.7
Staves         | 1 2 3 4 5 6 7 |  7.7
Slings         | 1 2 3 4 5 6 7 |  7.7
Bows           | 1 2 3 4 5 6 7 |  7.7
Crossbows      | 1 2 3 4 5 6 7 |  7.7
Throwing       | 1 2 3 4 5 6 7 |  7.7
Armour         | 1 2 3 4 5 6 7 |  7.7
Shields        | 1 2 3 4 5 6 7 |  7.7
Unarmed Combat | 1 2 3 4 5 6 7 |  7.7
Evocations     | 1 2 3 4 5 6 7 |  7.7
Conjurations   | 1 2 3 4 5 6 |  6.4
Hexes          | 1 2 3 4 5 6 |  6.4
Charms         | 1 2 3 4 5 6 |  6.4
Summonings     | 1 2 3 4 5 6 |  6.4
Necromancy     | 1 2 3 4 5 6 |  6.4
Translocations | 1 2 3 4 5 6 |  6.4
Fire Magic     | 1 2 3 4 5 6 |  6.4
Ice Magic      | 1 2 3 4 5 6 |  6.4
Air Magic      | 1 2 3 4 5 6 |  6.4
Poison Magic   | 1 2 3 4 5 6 |  6.4
Dodging        | 5 6 7 8 9 |  9.1
Stealth        | 5 6 7 8 |  8.9
Earth Magic    | 6 7 8 |  8.5

Action                   |  1- 3 |  4- 6 |  7- 9 | 10-12 | 13-15 || total
-------------------------+-------+-------+-------+-------+-------++-------
Melee: Short sword       |    33 |     9 |     4 |   191 |       ||   237
       Bite              |     7 |     3 |     5 |    39 |       ||    54
       Punch             |       |     1 |     1 |     8 |       ||    10
       Dagger            |       |    10 |    31 |    21 |       ||    62
       Long sword        |       |       |    16 |       |       ||    16
 Cast: Sandblast         |    24 |    29 |    56 |   123 |     9 ||   241
       Passwall          |     2 |    16 |    15 |    11 |       ||    44
       Petrify           |       |     2 |     8 |    33 |       ||    43
       Lee's Rapid Decon |       |       |     2 |     2 |       ||     4
Evoke: Wand              |       |       |     8 |    46 |     8 ||    62
  Use: Scroll            |       |     5 |     6 |     5 |       ||    16
       Potion            |       |       |     6 |     2 |     1 ||     9
 Stab: Sleeping          |     3 |     5 |     5 |    18 |       ||    31
       Petrified         |       |     8 |    12 |    43 |       ||    63
       Petrifying        |       |       |     1 |     5 |       ||     6
       Invisible         |       |       |     2 |       |       ||     2
       Paralysed         |       |       |       |     6 |       ||     6
  Eat: Ration            |       |       |     2 |     1 |       ||     3
       Chunk             |       |       |     1 |       |       ||     1
Armor: Robe              |     3 |     2 |     8 |    26 |     4 ||    43
       Skin              |       |       |       |       |     1 ||     1
Dodge: Dodged            |    12 |    18 |    71 |   295 |    16 ||   412
       Rpst.: Long sword |       |       |     8 |       |       ||     8

Table legend:
 A = Turns spent in this place as a percentage of turns spent in the entire game.
 B = Non-inter-level travel turns spent in this place as a percentage of non-inter-level travel turns spent in the entire game.
 C = Inter-level travel turns spent in this place as a percentage of turns spent in this place.
 D = Turns resting spent in this place as a percentage of non-inter-level travel turns spent in this place.
 E = Turns spent auto-exploring this place as a percentage of non-inter-level travel turns spent in this place.
 F = Non-inter-level travel turns spent in this place divided by the number of levels of this place that you've seen.
                   A       B       C       D       E      F
               +-------+-------+-------+-------+-------+----------------------
         Total | 100.0 | 100.0 |   0.6 |   0.0 |   0.3 | 176.4
       Dungeon |  56.5 |  56.9 |   0.0 |   0.0 |   0.0 | 177.5
        Temple |   1.4 |   0.7 |  46.4 |   0.0 |   0.0 |  30.0
          Lair |  32.5 |  32.7 |   0.0 |   0.0 |   1.0 | 221.3
         Swamp |   3.4 |   3.5 |   0.0 |   0.0 |   0.0 |  70.0
     Labyrinth |   6.2 |   6.2 |   0.0 |   0.0 |   0.0 | 252.0
               +-------+-------+-------+-------+-------+----------------------

Table legend:
 A = Kills in this place as a percentage of kills in entire the game.
 B = Kills by you in this place as a percentage of kills by you in the entire game.
 C = Kills by friends in this place as a percentage of kills by friends in the entire game.
 D = Other kills in this place as a percentage of other kills in the entire game.
 E = Experience gained in this place as a percentage of experience gained in the entire game.
 F = Experience gained in this place divided by the number of levels of this place that you have seen.
                   A       B       C       D       E      F
               +-------+-------+-------+-------+-------+----------------------
         Total | 100.0 | 100.0 |   N/A |   N/A | 100.0 | 1446.7
       Dungeon |  58.1 |  58.1 |   N/A |   N/A |  18.3 | 468.1
          Lair |  35.9 |  35.9 |   N/A |   N/A |  59.5 | 3298.0
         Swamp |   4.6 |   4.6 |   N/A |   N/A |  17.3 | 2876.5
     Labyrinth |   1.4 |   1.4 |   N/A |   N/A |   5.0 | 1648.0
               +-------+-------+-------+-------+-------+----------------------

Vault maps used:
D:1:      dpeg_arrival_ternary, grunt_decor_fettered, minmay_gold_behind_fungi,
          hangedman_feature_mirror
D:2:      fiery_altar_vehumet, first_ration, uniq_sigmund, uniq_robin,
          uniq_natasha
D:3:      lemuel_crystal_altar, uniq_ijyb, uniq_crazy_yiuf_cottage
D:5:      nicolae_overflow_hidden_temple, nicolae_overflow_crystal_walls,
          temple_green, supply_closet_lemuel, uniq_duvessa, uniq_grinder
D:6:      led_sif_pool, minmay_misc_feat_ornament, st_stairs_12,
          kennysheep_potato
D:7:      nicolae_qazlal_eye_of_the_storm, marbit_many_paths
D:8:      nemelex_altar_shiori
D:9:      hangedman_ru_absence, hiddenorc1_lemuel, enter_bailey_8,
          statue_in_the_mist_lemuel, uniq_psyche
D:10:     uniq_sonja, uniq_erolcha
D:11:     minmay_lair_entry_grove, hangedman_fish_farm
D:12:     uniq_urug
D:13:     lab_entry_generic, uniq_rupert
Temple:   oiseaux_autumnal_temple
Lair:1:   minmay_lair_oklob_items, minivault_19
Lair:2:   grunt_megastairs_5
Lair:3:   ldierk_geyser
Lair:4:   swamp_mist, minmay_snake_entry_six_corridors, serial_bayou_shore_a,
          serial_bayou_shore_b
Lair:5:   nicolae_slime_entry_slimehenge, nicolae_volcano_entry_vermiform,
          uniq_kirke
Lair:6:   cheibrodos_lair_end_hotspot
Swamp:1:  evilmike_swamp_ruin_rubble_2
Swamp:2:  serial_swamp_ruin, evilmike_swamp_ruin_house_6,
          evilmike_swamp_ruin_rubble_1, swamp_pool1,
          cheibrodos_swamp_pet_leeches, uniq_frances
Lab:      labyrinth_hidden_loot, lab_block
